 Dungeon Crawl Stone Soup version 0.30.1-3-gfc49f6343a (webtiles) character file.

Game seed: 12223852298016000370

49 McKennaii the Conjurer (level 3, -1/26 HPs)
             Began as a Demigod Conjurer on Aug 1, 2023.
             Slain by a gnoll
             ... wielding a +0 spear
              (8 damage)
             ... on level 2 of the Dungeon.
             The game lasted 00:01:09 (1570 turns).

McKennaii the Conjurer (Demigod Conjurer)           Turns: 1570, Time: 00:01:09

Health: -1/26      AC:  2    Str:  8    XL:     3   Next: 32%
Magic:  1/9        EV: 12    Int: 24    God:
Gold:   59         SH:  0    Dex: 12    Spells: 4/7 levels left

rFire   . . .        (no weapon)
rCold   . . .        (no shield)
rNeg    . . .        a - +0 robe
rPois   .            (no helmet)
rElec   .            (no cloak)
rCorr   .            (no gloves)
SInv    .            (no boots)
Will    .....        (no amulet)
Stlth   ++           (no ring)
HPRegen 0.24/turn    (no ring)
MPRegen 0.11/turn

%: no passive effects
@: no status effects
A: high MP 1, forlorn, divine attributes
a: no special abilities


You were on level 2 of the Dungeon.
You visited 1 branch of the dungeon, and saw 2 of its levels.

You collected 59 gold pieces.

Inventory:

Armour
 a - a +0 robe (worn)
Scrolls
 d - a scroll of identify {unknown}
 e - a scroll of fog {unknown}
Potions
 b - a potion of magic
 c - a potion of curing {unknown}
 f - 2 potions of brilliance {unknown}


   Skills:
 - Level 1.7 Dodging
 - Level 1.7 Stealth
 + Level 2.6 Spellcasting
 + Level 4.2 Conjurations


You had 4 spell levels left.
You knew the following spells:

 Your Spells              Type           Power      Damage    Failure   Level
a - Magic Dart            Conj           92%        1d7       1%          1
b - Searing Ray           Conj           46%        2d6       3%          2

Your spell library contained the following spells:

 Spells                   Type           Power      Damage    Failure   Level
 Dazzling Flash           Conj/Hex       26%        N/A       14%         3
 Fulminant Prism          Conj/Hex       6%         3d6       43%         4
 Iskenderun's Mystic Bla  Conj/Tloc      13%        2d5       43%         4


Dungeon Overview and Level Annotations

Branches:
Dungeon (2/15)


Innate Abilities, Weirdness & Mutations

You have an increased reservoir of magic. (+10% MP)
You shall have no god before yourself.
Your divine heritage dramatically boosts your attributes as you level up.


Message History

The gnoll hits you with a +0 club.
You hit the gnoll.
The gnoll is severely wounded.
The gnoll hits you with a +0 club!
You are too injured to fight recklessly!
You are too injured to fight recklessly!
You hit the gnoll.
The gnoll is severely wounded.
The gnoll barely misses you.
You hit the gnoll but do no damage.
The gnoll is severely wounded.
The gnoll closely misses you.
Casting: Magic Dart (safe; 1% risk of failure)
Confirm with . or Enter, or press ? or * to list all spells.
Aiming: Magic Dart (safe; 1% risk of failure)
Press: ? - help, Shift-Dir - straight line, f/p - gnoll
Aim: a gnoll, wielding a +0 club (severely wounded, 100% to hit)
The magic dart hits the gnoll but does no damage.
The gnoll is severely wounded.
The gnoll barely misses you.
Unknown command.
You hit the gnoll but do no damage.
The gnoll is severely wounded.
The gnoll hits you with a +0 club.
You barely miss the gnoll.
The gnoll is severely wounded.
The gnoll closely misses you. The gnoll attacks as you move away!
The gnoll barely misses you.
Casting: Magic Dart (safe; 1% risk of failure)
Confirm with . or Enter, or press ? or * to list all spells.
You don't have enough magic to cast this spell.
Unknown command.
The gnoll closely misses you. The gnoll barely misses you.
The gnoll hits you from afar with a +0 spear.
* * * LOW HITPOINT WARNING * * *
The gnoll attacks as you move away! The gnoll hits you with a +0 club.
* * * LOW HITPOINT WARNING * * *
The gnoll hits you from afar with a +0 spear!
You die...

###..>..♣ #.....##♣ #.#####
. #.## ##♣♣.♣ ## ##..##
#..♣.♣♣...
######....###..........
#.......P...#..........#
#.......♣..............#
#......♣♣P@g#..........
#......P♣P♣..........#
#.....gP♣♣♣Pg.P......+
#....†..♣P♣♣P♣.P.....# #.#.
#.......g.PPPg.......# #.#.
#............P.......###.#.
#.........g######.#####..#.
#........########.####.....
#.......)....)......##.....


You could see 3 gnolls.

Vanquished Creatures
  A gnoll (D:2)
  2 dart slugs
  5 ball pythons
  6 endoplasms
  2 giant cockroaches
  4 goblins (D:1)
  2 hobgoblins (D:1)
  4 bats
  3 kobolds (D:1)
  7 rats
36 creatures vanquished.

Notes
Turn   | Place    | Note
-------+----------+-------------------------------------------
     0 | D:1      | McKennaii the Demigod Conjurer began the quest for the Orb.
     0 | D:1      | Reached XP level 1. HP: 14/14 MP: 5/5
   338 | D:1      | Reached XP level 2. HP: 20/20 MP: 3/7
   341 | D:1      | Learned a level 2 spell: Searing Ray
   504 | D:1      | Reached skill level 4 in Conjurations
  1241 | D:2      | Reached XP level 3. HP: 26/26 MP: 7/9
  1570 | D:2      | Slain by a gnoll

Illustrated notes

Levels and vault maps discovered:
D:1:      mainiacjoe_arrival_reflecting_pool, layout_basic,
          hellmonk_ecumenical_altar_pennies_from_heaven, minmay_misc_feat_cross
D:2:      layout_basic, serial_forest, infiniplex_forest_end_double,
          infiniplex_forest_straight_2, infiniplex_forest_straight_4,
          infiniplex_forest_join, infiniplex_forest_clump_curved,
          infiniplex_forest_side_room, infiniplex_forest_zigzag_1

Skill      XL: |  1  2 |
---------------+-------+-----
Spellcasting   | 2 |  2.6
Conjurations   | 4 |  4.2
Dodging        | |  1.7
Stealth        | |  1.7

Action                     || total
---------------------------++-------
  Melee: Unarmed           ||     7
   Cast: Magic Dart        ||    82
         Searing Ray       ||     1
 Armour: Robe              ||     2
  Dodge: Dodged            ||    10
